[Event "AUT 2nd BL Ost 2021-22"]
[Site "Austria"]
[Date "2022.04.03"]
[Round "10.21"]
[White "Pernerstorfer, Johannes"]
[Black "Wagner, Leopold Franziskus"]
[Result "0-1"]
[ECO "A26"]
[WhiteElo "1979"]
[BlackElo "2061"]
[Annotator "NA"]
[PlyCount "86"]
[EventDate "2022.04.01"]
[EventType "team-tourn"]
[EventCountry "AUT"]
[SourceTitle "playchess.com"]
[Source "ChessBase"]
[SourceQuality "1"]
[TimeControl "40/5400+30:1800+30"]

1. c4 e5 2. Nc3 Nc6 3. g3 g6 4. Bg2 Bg7 5. e4 Nge7 6. Nge2 O-O 7. O-O d6 8. Rb1 Be6 9. d3 Qd7 10. Nd5 Nd4 11. Nxd4 exd4 12. Nf4 Rab8 13. Nxe6 fxe6 14. Bh3 Nc6 15. b4 b5 16. cxb5 Rxb5 17. a4 Rbb8 18. b5 Ne5 19. f4 Nf7 20. Qb3 Rfe8 21. Bd2 Qe7 22. Rfc1 c5 23. Qc4 Bh6 24. Rf1 d5 25. exd5 exd5 26. Qc2 c4 27. Rbe1 Qa3 28. dxc4 Qc5 29. Kh1 dxc4 30. f5 d3 31. fxg6 hxg6 32. Qb2 Re2 33. Rxe2 dxe2 34. Rxf7 Qd5+ 35. Bg2 Qxf7 36. h4 Bxd2 37. Qxd2 Re8 38. Qe1 c3 39. h5 c2 40. hxg6 Qd7 41. Kh2 Qd4 42. g7 Kxg7 43. Qc1 Rh8+ 0-1

[Event "AUT 2nd BL Ost 2021-22"]
[Site "Austria"]
[Date "2022.04.03"]
[Round "10.23"]
[White "Hottenroth, Jonas"]
[Black "Castaneda Estrada, Jefferson Smith"]
[Result "1/2-1/2"]
[ECO "C06"]
[WhiteElo "1936"]
[BlackElo "1373"]
[Annotator "NA"]
[PlyCount "60"]
[EventDate "2022.04.01"]
[EventType "team-tourn"]
[EventCountry "AUT"]
[SourceTitle "playchess.com"]
[Source "ChessBase"]
[SourceQuality "1"]
[TimeControl "40/5400+30:1800+30"]

1. e4 e6 2. d4 d5 3. Nd2 Nf6 4. e5 Nfd7 5. Bd3 c5 6. c3 Nc6 7. Ne2 cxd4 8. cxd4 f6 9. exf6 Nxf6 10. Nf3 Bd6 11. Bf4 Bxf4 12. Nxf4 Qa5+ 13. Qd2 Qxd2+ 14. Kxd2 O-O 15. Ne2 Ne4+ 16. Ke3 Nd6 17. Rac1 Bd7 18. Ng3 Rac8 19. b3 Nf7 20. Rhe1 e5 21. Nxe5 Nfxe5 22. dxe5 Nxe5 23. f3 Nc6 24. Kd2 a6 25. Ne2 Bf5 26. Bxf5 Rxf5 27. Nd4 Rf6 28. Rc5 Rd8 29. Nxc6 bxc6 30. Rec1 Rh6 1/2-1/2

[Event "AUT 2nd BL Ost 2021-22"]
[Site "Austria"]
[Date "2022.04.04"]
[Round "11.1"]
[White "Baumegger, Siegfried"]
[Black "Mikes, Jan"]
[Result "0-1"]
[ECO "B52"]
[WhiteElo "2464"]
[BlackElo "2340"]
[Annotator "ChessBase"]
[PlyCount "102"]
[EventDate "2022.04.01"]
[EventType "team-tourn"]
[EventCountry "AUT"]
[SourceTitle "playchess.com"]
[Source "ChessBase"]
[SourceQuality "1"]
[TimeControl "40/5400+30:1800+30"]

1. e4 c5 2. Nf3 d6 3. Bb5+ Bd7 4. Bxd7+ Nxd7 5. O-O Ngf6 6. Qe2 e6 7. b3 Be7 8. Bb2 O-O 9. c4 Re8 10. d4 cxd4 11. Nxd4 Qb6 12. Rd1 d5 13. e5 Ne4 14. cxd5 exd5 15. Nf5 Bc5 16. Rxd5 Bxf2+ 17. Kf1 Qe6 18. Qxe4 Nf6 19. Qf3 Nxd5 20. Kxf2 Rad8 21. Nd2 Nb4 22. Nd6 Rxd6 23. exd6 Qxd6 24. Qc3 Nd3+ 25. Kg1 Qb6+ 26. Qd4 Nxb2 27. Qxb6 axb6 28. Rb1 Nd3 29. Nc4 h5 30. Nxb6 Re2 31. a4 Nf4 32. Nc4 Rxg2+ 33. Kh1 Re2 34. a5 Nd3 35. b4 Rc2 36. Ne3 Ra2 37. Nc4 h4 38. h3 g5 39. b5 g4 40. hxg4 h3 41. a6 bxa6 42. b6 Rg2 43. Rf1 Nf2+ 44. Rxf2 Rxf2 45. b7 Rf1+ 46. Kh2 Rb1 47. Na5 Kf8 48. Kxh3 Ke8 49. Kh4 Rb5 50. g5 Kd7 51. Kh5 Kc7 0-1

[Event "AUT 2nd BL Ost 2021-22"]
[Site "Austria"]
[Date "2022.04.04"]
[Round "11.2"]
[White "Bures, Jaroslav"]
[Black "Sadilek, Peter"]
[Result "1/2-1/2"]
[ECO "E48"]
[WhiteElo "2411"]
[BlackElo "2368"]
[Annotator "ChessBase"]
[PlyCount "147"]
[EventDate "2022.04.01"]
[EventType "team-tourn"]
[EventCountry "AUT"]
[SourceTitle "playchess.com"]
[Source "ChessBase"]
[SourceQuality "1"]
[TimeControl "40/5400+30:1800+30"]

1. d4 Nf6 2. c4 e6 3. Nc3 Bb4 4. e3 O-O 5. Bd3 d5 6. cxd5 exd5 7. Nge2 Re8 8. Bd2 Bd6 9. Qc2 a6 10. h3 b6 11. g4 Bb7 12. O-O-O c5 13. g5 Ne4 14. Bxe4 dxe4 15. dxc5 bxc5 16. Rhg1 Nc6 17. Nd5 Bh2 18. Qb3 Bxg1 19. Rxg1 Nd4 20. Nf6+ Qxf6 21. gxf6 Nxb3+ 22. axb3 g6 23. Nf4 Bc6 24. Rg5 Rac8 25. Bc3 Bb7 26. h4 h6 27. Rg1 Kf8 28. h5 g5 29. Ng6+ fxg6 30. hxg6 Bd5 31. Rh1 Bf7 32. Rxh6 Bxg6 33. Rxg6 Kf7 34. Rg7+ Ke6 35. Rxg5 Kf7 36. Kd2 Rg8 37. Re5 Rge8 38. Rf5 Rc6 39. Ke2 Rb8 40. Re5 Re8 41. Rh5 Kg6 42. Rd5 Rc7 43. Rd6 Rb7 44. Rxa6 Rxb3 45. Rc6 Reb8 46. Rxc5 Rxb2+ 47. Bxb2 Rxb2+ 48. Kf1 Kxf6 49. Kg2 Ke6 50. Kg3 Ra2 51. Rh5 Rb2 52. Rh8 Ke5 53. Re8+ Kf5 54. Rf8+ Ke5 55. Kg4 Ra2 56. Re8+ Kd5 57. Kg3 Rb2 58. Rh8 Ke5 59. Rh1 Ra2 60. Re1 Ra7 61. Kg2 Rg7+ 62. Kf1 Ra7 63. Re2 Ra1+ 64. Kg2 Ra7 65. Rb2 Rg7+ 66. Kf1 Ra7 67. Ke2 Ra1 68. Rd2 Ra7 69. Rd8 Ra2+ 70. Kf1 Rb2 71. Re8+ Kf5 72. Kg2 Ra2 73. Kg3 Rb2 74. Rh8 1/2-1/2

[Event "AUT 2nd BL Ost 2021-22"]
[Site "Austria"]
[Date "2022.04.04"]
[Round "11.3"]
[White "Kaphle, Sebastian"]
[Black "Groetz, Harald"]
[Result "1/2-1/2"]
[ECO "B01"]
[WhiteElo "2345"]
[BlackElo "2308"]
[Annotator "ChessBase"]
[PlyCount "93"]
[EventDate "2022.04.01"]
[EventType "team-tourn"]
[EventCountry "AUT"]
[SourceTitle "playchess.com"]
[Source "ChessBase"]
[SourceQuality "1"]
[TimeControl "40/5400+30:1800+30"]

1. e4 d5 2. exd5 Qxd5 3. Nc3 Qd6 4. d4 Nf6 5. Nf3 c6 6. Be3 Bg4 7. h3 Bh5 8. g4 Bg6 9. Ne5 Nd5 10. Qd2 Nd7 11. Nxg6 hxg6 12. O-O-O e6 13. Kb1 Nxc3+ 14. Qxc3 Nf6 15. Bg2 Nd5 16. Qd3 Be7 17. c4 Nxe3 18. Qxe3 O-O 19. h4 Qb4 20. h5 g5 21. h6 Qd6 22. hxg7 Kxg7 23. Be4 Rh8 24. Bc2 Qf4 25. Qxf4 gxf4 26. Be4 Rxh1 27. Rxh1 Rh8 28. Rxh8 Kxh8 29. d5 cxd5 30. cxd5 b6 31. dxe6 fxe6 32. Kc2 Kg7 33. Kd3 Kf6 34. f3 Ke5 35. Kc4 a5 36. Kb5 Bc5 37. g5 Kd6 38. Kc4 Ke7 39. Bc2 Kf7 40. Kb5 Kg7 41. Kc6 e5 42. a3 Bd4 43. b3 Bc5 44. b4 axb4 45. a4 Bd4 46. Kb5 b3 47. Be4 1/2-1/2

[Event "AUT 2nd BL Ost 2021-22"]
[Site "Austria"]
[Date "2022.04.04"]
[Round "11.4"]
[White "Vrana, Frantisek"]
[Black "Sadilek, Maximilian"]
[Result "1/2-1/2"]
[ECO "A87"]
[WhiteElo "2239"]
[BlackElo "2263"]
[Annotator "ChessBase"]
[PlyCount "41"]
[EventDate "2022.04.01"]
[EventType "team-tourn"]
[EventCountry "AUT"]
[SourceTitle "playchess.com"]
[Source "ChessBase"]
[SourceQuality "1"]
[TimeControl "40/5400+30:1800+30"]

1. Nf3 d6 2. d4 f5 3. g3 Nf6 4. Bg2 g6 5. O-O Bg7 6. c4 O-O 7. Nc3 e6 8. Qc2 Nc6 9. e4 e5 10. dxe5 dxe5 11. Rd1 Nd4 12. Nxd4 exd4 13. e5 Ng4 14. f4 c5 15. h3 Nh6 16. Bd5+ Kh8 17. Na4 Qe7 18. b4 cxb4 19. Rxd4 Nf7 20. c5 g5 21. Be3 1/2-1/2

[Event "AUT 2nd BL Ost 2021-22"]
[Site "Austria"]
[Date "2022.04.04"]
[Round "11.5"]
[White "Cu Hor, Winston Darwin"]
[Black "Hajek, Oskar"]
[Result "1-0"]
[ECO "A37"]
[WhiteElo "2337"]
[BlackElo "2190"]
[Annotator "ChessBase"]
[PlyCount "161"]
[EventDate "2022.04.01"]
[EventType "team-tourn"]
[EventCountry "AUT"]
[SourceTitle "playchess.com"]
[Source "ChessBase"]
[SourceQuality "1"]
[TimeControl "40/5400+30:1800+30"]

1. Nf3 g6 2. g3 Bg7 3. Bg2 c5 4. O-O Nc6 5. c4 e6 6. Nc3 d5 7. cxd5 exd5 8. d4 cxd4 9. Nb5 Nge7 10. Nbxd4 O-O 11. Bg5 Qb6 12. Nxc6 Nxc6 13. Qxd5 Qxb2 14. Rab1 Qxe2 15. Rfe1 Qa6 16. Bf1 Qa5 17. Rb5 Qc7 18. Qb3 Be6 19. Rxb7 Bxb3 20. Rxc7 Bd5 21. Bg2 Rac8 22. Rxc8 Rxc8 23. a3 a5 24. Rc1 Bb2 25. Rc5 Be4 26. Bc1 Bxc1 27. Rxc1 Na7 28. Re1 Bxf3 29. Bxf3 Nb5 30. Re7 Rc5 31. Rd7 Kf8 32. a4 Nc3 33. Rd4 Na2 34. Kg2 Nb4 35. Rd8+ Ke7 36. Ra8 Nd5 37. Be2 Nc7 38. Ra7 Kd6 39. Rb7 h5 40. h4 Rc2 41. Bf3 Rc4 42. Rb6+ Ke7 43. Bd1 Rc1 44. Be2 Rc2 45. Kf3 Rc3+ 46. Ke4 Rc2 47. Kf3 Rc3+ 48. Kg2 Rc2 49. Bf1 Rc3 50. Rb8 Rc1 51. Rb3 Rc5 52. Be2 Kd6 53. Rd3+ Rd5 54. Rf3 f5 55. Rb3 Kc5 56. Rc3+ Kd6 57. Rb3 Kc5 58. Rb8 Re5 59. Bf3 Re6 60. Bd1 Rf6 61. Kf3 Rd6 62. Bb3 Rd4 63. Bf7 Rxa4 64. Bxg6 f4 65. gxf4 Nd5 66. Rc8+ Kd6 67. Rd8+ Kc5 68. Rf8 Ra3+ 69. Kg2 Ra4 70. Kg3 Rb4 71. Bxh5 a4 72. Bf3 Nxf4 73. Rf5+ Kd6 74. Ra5 Ke7 75. Bd1 Ng6 76. h5 Nf4 77. h6 Kf6 78. Ra6+ Kg5 79. h7 Rb8 80. Ra5+ Kh6 81. Kxf4 1-0

[Event "AUT 2nd BL Ost 2021-22"]
[Site "Austria"]
[Date "2022.04.04"]
[Round "11.6"]
[White "Teuber, Andreas"]
[Black "Leitner, Gerald"]
[Result "1-0"]
[ECO "A58"]
[WhiteElo "2127"]
[BlackElo "2170"]
[Annotator "ChessBase"]
[PlyCount "49"]
[EventDate "2022.04.01"]
[EventType "team-tourn"]
[EventCountry "AUT"]
[SourceTitle "playchess.com"]
[Source "ChessBase"]
[SourceQuality "1"]
[TimeControl "40/5400+30:1800+30"]

1. d4 Nf6 2. c4 c5 3. d5 b5 4. cxb5 a6 5. bxa6 Bxa6 6. Nc3 d6 7. Nf3 g6 8. g3 Bg7 9. Bg2 Nbd7 10. Rb1 Nb6 11. b3 Ra7 12. O-O Qa8 13. Nh4 O-O 14. Bb2 Ne8 15. Re1 Nc7 16. e4 Rb8 17. Qc2 Nd7 18. Nf3 c4 19. Na4 Bb5 20. Bxg7 Kxg7 21. Nc3 Nc5 22. Nxb5 Rxb5 23. Qxc4 Rxa2 24. b4 Ra4 25. Qc3+ 1-0

[Event "AUT 2nd BL Ost 2021-22"]
[Site "Austria"]
[Date "2022.04.04"]
[Round "11.8"]
[White "Peyrer, Konstantin"]
[Black "Belke, Frank"]
[Result "1-0"]
[ECO "C16"]
[WhiteElo "2301"]
[BlackElo "2224"]
[Annotator "ChessBase"]
[PlyCount "71"]
[EventDate "2022.04.01"]
[EventType "team-tourn"]
[EventCountry "AUT"]
[SourceTitle "playchess.com"]
[Source "ChessBase"]
[SourceQuality "1"]
[TimeControl "40/5400+30:1800+30"]

1. e4 e6 2. d4 d5 3. Nc3 Bb4 4. e5 Qd7 5. a3 Bxc3+ 6. bxc3 b6 7. Qg4 f5 8. exf6 Nxf6 9. Qh4 O-O 10. Nf3 Ba6 11. Bxa6 Nxa6 12. O-O Qa4 13. Qh3 Rae8 14. Ng5 Qxc2 15. Nxe6 Rf7 16. Bf4 Rfe7 17. Ng5 h6 18. Rac1 Qg6 19. Nf3 Qh5 20. Qxh5 Nxh5 21. Be5 c5 22. Nh4 Kh7 23. Nf5 Re6 24. f4 Nf6 25. Nd6 Rd8 26. Nb5 Rd7 27. Rfe1 Ng4 28. h3 Nxe5 29. dxe5 g6 30. Rcd1 c4 31. Nd6 Nc5 32. Rxd5 Nd3 33. Re4 b5 34. Rxb5 Rdxd6 35. exd6 Rxe4 36. Rb7+ 1-0

[Event "AUT 2nd BL Ost 2021-22"]
[Site "Austria"]
[Date "2022.04.04"]
[Round "11.9"]
[White "Wagner, Leopold Franziskus"]
[Black "Steindl, Johannes"]
[Result "0-1"]
[ECO "B55"]
[WhiteElo "2061"]
[BlackElo "2237"]
[Annotator "ChessBase"]
[PlyCount "68"]
[EventDate "2022.04.01"]
[EventType "team-tourn"]
[EventCountry "AUT"]
[SourceTitle "playchess.com"]
[Source "ChessBase"]
[SourceQuality "1"]
[TimeControl "40/5400+30:1800+30"]

1. e4 c5 2. Nf3 d6 3. d4 cxd4 4. Nxd4 Nf6 5. f3 e5 6. Nb3 d5 7. Bg5 Be6 8. exd5 Qxd5 9. Nc3 Qxd1+ 10. Rxd1 Nbd7 11. Bb5 Rc8 12. O-O a6 13. Bd3 Be7 14. Rfe1 Nd5 15. Nxd5 Bxg5 16. Ne3 b5 17. Nf5 O-O 18. Nd6 Rc6 19. Be4 Rc7 20. Bf5 Bxf5 21. Nxf5 g6 22. Ng3 b4 23. Ne4 Be7 24. Re2 Nb6 25. Nf2 Nc4 26. Nd3 Rd8 27. Nd2 Nxb2 28. Nxb2 Rxc2 29. Nbc4 Rxc4 30. Rxe5 Rc2 31. Rxe7 Rdxd2 32. Rxd2 Rxd2 33. Re4 a5 34. a3 bxa3 0-1

[Event "AUT 2nd BL Ost 2021-22"]
[Site "Austria"]
[Date "2022.04.04"]
[Round "11.10"]
[White "Wetscherek, Gerhard"]
[Black "Balint, Peter"]
[Result "0-1"]
[ECO "B40"]
[WhiteElo "2105"]
[BlackElo "2005"]
[Annotator "ChessBase"]
[PlyCount "58"]
[EventDate "2022.04.01"]
[EventType "team-tourn"]
[EventCountry "AUT"]
[SourceTitle "playchess.com"]
[Source "ChessBase"]
[SourceQuality "1"]
[TimeControl "40/5400+30:1800+30"]

1. e4 c5 2. Nf3 e6 3. b3 Nc6 4. Bb2 d5 5. exd5 exd5 6. d4 Nf6 7. Be2 Bd6 8. dxc5 Bxc5 9. O-O O-O 10. Nc3 a6 11. a3 Re8 12. h3 Qd6 13. b4 Ba7 14. Bc4 Bxh3 15. Ng5 Qg3 16. Bxd5 Qxg5 17. Bc1 Qg6 18. Qf3 Bg4 19. Qg3 Nd4 20. Bxb7 Rab8 21. Bxa6 Nh5 22. Qd3 Nf3+ 23. gxf3 Bf5+ 24. Kh2 Bxd3 25. Bxd3 Qd6+ 26. Kg2 Bxf2 27. Rxf2 Qg3+ 28. Kf1 Qh3+ 29. Rg2 Qh1+ 0-1

[Event "AUT 2nd BL Ost 2021-22"]
[Site "Austria"]
[Date "2022.04.04"]
[Round "11.11"]
[White "Castaneda Estrada, Jefferson Smith"]
[Black "Mayrhuber, Nikola"]
[Result "1-0"]
[ECO "C09"]
[WhiteElo "1373"]
[BlackElo "2109"]
[Annotator "ChessBase"]
[PlyCount "129"]
[EventDate "2022.04.01"]
[EventType "team-tourn"]
[EventCountry "AUT"]
[SourceTitle "playchess.com"]
[Source "ChessBase"]
[SourceQuality "1"]
[TimeControl "40/5400+30:1800+30"]

1. e4 e6 2. d4 d5 3. Nd2 c5 4. exd5 exd5 5. Ngf3 Nc6 6. Bb5 Qe7+ 7. Qe2 Qxe2+ 8. Kxe2 a6 9. Bxc6+ bxc6 10. Re1 f6 11. Kf1+ Kf7 12. dxc5 Bxc5 13. Nb3 Bd6 14. Be3 Bg4 15. Nfd2 a5 16. Bc5 Bc7 17. h3 Bd7 18. a4 Rb8 19. Nf3 g5 20. Nfd4 h5 21. Re2 Kg6 22. Ne6 Be5 23. Nf8+ Rxf8 24. Bxf8 Bxb2 25. Rb1 Bc3 26. Nc5 Bf5 27. Rb7 h4 28. Rg7+ Kh5 29. Bd6 Nh6 30. f3 Bg6 31. Rc7 Rb8 32. Rb7 Rd8 33. Rd7 Rxd7 34. Nxd7 Nf5 35. Bc7 Bf7 36. Nc5 d4 37. Nd3 Ne3+ 38. Kg1 Bc4 39. Bd6 Kg6 40. f4 Nf5 41. Bc7 Ne3 42. fxg5 Bxd3 43. cxd3 fxg5 44. Kf2 c5 45. Kf3 Kf5 46. g3 hxg3 47. Bxg3 Bb4 48. Be1 Ke5 49. Bf2 Kd5 50. Bxe3 dxe3 51. Kxe3 c4 52. Rg2 Bc5+ 53. Kd2 Be7 54. Rg4 cxd3 55. Kxd3 Bf6 56. Rc4 Be5 57. Rc8 Ke6 58. Ke4 Bd6 59. Ra8 Bb4 60. Ra6+ Kf7 61. Kf5 Bd2 62. Rg6 Be3 63. Rxg5 Bxg5 64. Kxg5 Kg7 65. Kf5 1-0

[Event "AUT 2nd BL Ost 2021-22"]
[Site "Austria"]
[Date "2022.04.04"]
[Round "11.12"]
[White "Mayrhuber, Tobias"]
[Black "Stadler, Peter"]
[Result "1-0"]
[ECO "B22"]
[WhiteElo "2037"]
[BlackElo "2008"]
[Annotator "ChessBase"]
[PlyCount "85"]
[EventDate "2022.04.01"]
[EventType "team-tourn"]
[EventCountry "AUT"]
[SourceTitle "playchess.com"]
[Source "ChessBase"]
[SourceQuality "1"]
[TimeControl "40/5400+30:1800+30"]

1. e4 c5 2. Nf3 e6 3. c3 Nf6 4. e5 Nd5 5. Bc4 Nb6 6. Bb3 Nc6 7. O-O c4 8. Bc2 d6 9. exd6 Qxd6 10. b3 Be7 11. Na3 cxb3 12. axb3 a6 13. d4 Qd5 14. Re1 Qh5 15. c4 O-O 16. Bb2 Bf6 17. Ne5 Qxd1 18. Raxd1 Nxe5 19. dxe5 Be7 20. Be4 Rb8 21. Nc2 h6 22. Bc3 Re8 23. Ba5 Na8 24. f4 Bc5+ 25. Kf1 Bb6 26. Bb4 Bc7 27. Bd6 Bxd6 28. Rxd6 Kf8 29. Red1 Ke7 30. b4 Nc7 31. Ke2 f5 32. exf6+ gxf6 33. g3 Rf8 34. R1d3 Rg8 35. Ne3 Rf8 36. c5 Nb5 37. Rb6 Rd8 38. Nc4 Rxd3 39. Kxd3 Kd7 40. c6+ Kc7 41. cxb7 Bxb7 42. Bxb7 Rxb7 43. Rxe6 1-0

[Event "AUT 2nd BL Ost 2021-22"]
[Site "Austria"]
[Date "2022.04.04"]
[Round "11.13"]
[White "Lizak, Peter"]
[Black "Loeffler, Stefan"]
[Result "0-1"]
[ECO "B15"]
[WhiteElo "2403"]
[BlackElo "2334"]
[Annotator "ChessBase"]
[PlyCount "70"]
[EventDate "2022.04.01"]
[EventType "team-tourn"]
[EventCountry "AUT"]
[SourceTitle "playchess.com"]
[Source "ChessBase"]
[SourceQuality "1"]
[TimeControl "40/5400+30:1800+30"]

1. e4 c6 2. d4 d5 3. Nc3 a6 4. Nf3 Bg4 5. h3 Bxf3 6. Qxf3 e6 7. Bd3 Nf6 8. O-O dxe4 9. Nxe4 Nxe4 10. Qxe4 Nd7 11. c3 Nf6 12. Qh4 Be7 13. Re1 c5 14. Bg5 cxd4 15. Rad1 Qa5 16. cxd4 Qxa2 17. d5 Qxd5 18. Bxa6 Qc6 19. Bd3 Ra4 20. g4 h6 21. Rc1 Qd7 22. Bxf6 Bxf6 23. Qh5 Bg5 24. Rc5 Qxd3 25. Rxe6+ Kd8 26. Qxf7 Ra1+ 27. Kh2 Qd7 28. Qf5 Rd1 29. Ra5 Qc7+ 30. Kg2 Qc4 31. Ra8+ Kc7 32. Qe5+ Kd7 33. Rd6+ Rxd6 34. Qxg7+ Kc6 35. Qxh8 Qe4+ 0-1

[Event "AUT 2nd BL Ost 2021-22"]
[Site "Austria"]
[Date "2022.04.04"]
[Round "11.14"]
[White "Ganaus, Hannes"]
[Black "Videki, Sandor"]
[Result "1/2-1/2"]
[ECO "D13"]
[WhiteElo "2253"]
[BlackElo "2402"]
[Annotator "ChessBase"]
[PlyCount "38"]
[EventDate "2022.04.01"]
[EventType "team-tourn"]
[EventCountry "AUT"]
[SourceTitle "playchess.com"]
[Source "ChessBase"]
[SourceQuality "1"]
[TimeControl "40/5400+30:1800+30"]

1. d4 d5 2. Nf3 Nf6 3. c4 c6 4. cxd5 cxd5 5. Nc3 Nc6 6. Bf4 a6 7. a3 Bf5 8. e3 e6 9. Be2 Bd6 10. Bxd6 Qxd6 11. O-O O-O 12. Rc1 Rac8 13. Nh4 Bg6 14. Nxg6 hxg6 15. f4 Rc7 16. Bd3 Na5 17. Na2 Rfc8 18. Qe2 Rxc1 19. Rxc1 Rxc1+ 1/2-1/2

[Event "AUT 2nd BL Ost 2021-22"]
[Site "Austria"]
[Date "2022.04.04"]
[Round "11.15"]
[White "Neumeier, Klaus"]
[Black "Batyte, Daiva"]
[Result "1/2-1/2"]
[ECO "E06"]
[WhiteElo "2271"]
[BlackElo "2105"]
[Annotator "ChessBase"]
[PlyCount "116"]
[EventDate "2022.04.01"]
[EventType "team-tourn"]
[EventCountry "AUT"]
[SourceTitle "playchess.com"]
[Source "ChessBase"]
[SourceQuality "1"]
[TimeControl "40/5400+30:1800+30"]

1. c4 e6 2. g3 d5 3. Bg2 Nf6 4. Nf3 c5 5. O-O Nc6 6. d4 Be7 7. dxc5 Bxc5 8. cxd5 Nxd5 9. Qc2 Qb6 10. a3 a5 11. e4 Nf6 12. Nc3 Nd4 13. Nxd4 Bxd4 14. Bf4 e5 15. Bg5 O-O 16. Ne2 Ra6 17. Nxd4 Qxd4 18. Be3 Qd7 19. h3 Rc6 20. Qe2 Qc7 21. Rac1 Be6 22. Rxc6 Qxc6 23. Rc1 Qd7 24. Kh2 b5 25. Rc5 Bc4 26. Qe1 Qd8 27. b3 Bxb3 28. Rxb5 a4 29. Rxe5 Qd6 30. Ra5 Re8 31. Qb4 Qe6 32. Rb5 h6 33. Rb6 Qe5 34. Bd4 Qe7 35. Qxe7 Rxe7 36. Bxf6 gxf6 37. Rxf6 Kg7 38. Rd6 Rc7 39. f4 Rc2 40. f5 h5 41. g4 hxg4 42. hxg4 Ra2 43. g5 Rxa3 44. g6 Ra1 45. gxf7 Kxf7 46. e5 Re1 47. Bd5+ Bxd5 48. Rxd5 a3 49. Ra5 a2 50. Ra7+ Kf8 51. Rxa2 Rxe5 52. Rf2 Kf7 53. Kg3 Kf6 54. Kg4 Re4+ 55. Rf4 Re1 56. Ra4 Rg1+ 57. Kf4 Rf1+ 58. Kg4 Rg1+ 1/2-1/2

[Event "AUT 2nd BL Ost 2021-22"]
[Site "Austria"]
[Date "2022.04.04"]
[Round "11.16"]
[White "Schweitzer, Werner"]
[Black "Hechl, Gerald"]
[Result "0-1"]
[ECO "B00"]
[WhiteElo "2060"]
[BlackElo "2209"]
[Annotator "ChessBase"]
[PlyCount "36"]
[EventDate "2022.04.01"]
[EventType "team-tourn"]
[EventCountry "AUT"]
[SourceTitle "playchess.com"]
[Source "ChessBase"]
[SourceQuality "1"]
[TimeControl "40/5400+30:1800+30"]

1. e4 b6 2. Nc3 Bb7 3. d4 e6 4. Nf3 Bb4 5. Bd3 Nf6 6. Qe2 d5 7. exd5 Qxd5 8. O-O Bxc3 9. bxc3 O-O 10. Qe5 Qc6 11. Bd2 Qd6 12. Qe2 Nbd7 13. Ng5 c5 14. Be3 h6 15. Nh3 e5 16. dxe5 Nxe5 17. Rad1 Nxd3 18. Rxd3 Qc6 0-1

[Event "AUT 2nd BL Ost 2021-22"]
[Site "Austria"]
[Date "2022.04.04"]
[Round "11.17"]
[White "Lucaci, Marius"]
[Black "Gattermayer, Robert"]
[Result "1-0"]
[ECO "C54"]
[WhiteElo "2114"]
[BlackElo "1962"]
[Annotator "ChessBase"]
[PlyCount "83"]
[EventDate "2022.04.01"]
[EventType "team-tourn"]
[EventCountry "AUT"]
[SourceTitle "playchess.com"]
[Source "ChessBase"]
[SourceQuality "1"]
[TimeControl "40/5400+30:1800+30"]

1. e4 e5 2. Nf3 Nc6 3. Bc4 Bc5 4. O-O Nf6 5. d3 O-O 6. c3 d6 7. Bg5 h6 8. Bh4 a6 9. d4 Ba7 10. dxe5 Nxe5 11. Nxe5 dxe5 12. Nd2 g5 13. Bg3 Bg4 14. Be2 Bxe2 15. Qxe2 Qe7 16. h4 Rad8 17. Rad1 Rd6 18. Nf3 Nd7 19. Qc4 Bb6 20. hxg5 hxg5 21. Rd5 Re6 22. Rfd1 Rc6 23. Qe2 Rd6 24. Nxe5 Nxe5 25. Rxe5 Re6 26. Rxe6 Qxe6 27. Rd5 f6 28. Qc4 Kh7 29. Qd3 Rf7 30. Rd8 Kg7 31. Qf3 Rd7 32. Rb8 Qf7 33. Rxb7 Qxa2 34. Rb8 Qf7 35. Qg4 a5 36. e5 Re7 37. exf6+ Qxf6 38. Qh5 Rf7 39. Rh8 Bxf2+ 40. Kh1 Qf5 41. Be5+ Qxe5 42. Qh6# 1-0

[Event "AUT 2nd BL Ost 2021-22"]
[Site "Austria"]
[Date "2022.04.04"]
[Round "11.18"]
[White "Karner, Daniel"]
[Black "Schmidrathner, Christian"]
[Result "1-0"]
[ECO "B76"]
[WhiteElo "1781"]
[BlackElo "2013"]
[Annotator "ChessBase"]
[PlyCount "81"]
[EventDate "2022.04.01"]
[EventType "team-tourn"]
[EventCountry "AUT"]
[SourceTitle "playchess.com"]
[Source "ChessBase"]
[SourceQuality "1"]
[TimeControl "40/5400+30:1800+30"]

1. e4 c5 2. Nf3 d6 3. d4 cxd4 4. Nxd4 Nf6 5. Nc3 g6 6. Be3 Bg7 7. f3 O-O 8. Qd2 Nc6 9. O-O-O d5 10. Qe1 e5 11. Nxc6 bxc6 12. exd5 Nxd5 13. Bc4 Be6 14. Ne4 Qc7 15. Bc5 Rfd8 16. g4 h6 17. h4 Bf8 18. Bxd5 cxd5 19. Nf6+ Kg7 20. Bxf8+ Kxf8 21. Qe3 Kg7 22. g5 h5 23. Rhe1 Rac8 24. Rd2 e4 25. Qd4 Kf8 26. fxe4 dxe4 27. Qxe4 Rxd2 28. Kxd2 Qa5+ 29. Kc1 Qxa2 30. Qb4+ Kg7 31. Qd4 Qc4 32. Nxh5+ Kf8 33. Qd6+ Kg8 34. Nf6+ Kg7 35. Qh2 Bf5 36. Re2 Qa2 37. Ne8+ Kh7 38. Nf6+ Kh8 39. Qc7 Kg7 40. Qxc8 Bxc8 41. Re8 1-0

[Event "AUT 2nd BL Ost 2021-22"]
[Site "Austria"]
[Date "2022.04.04"]
[Round "11.19"]
[White "Stanec, Nikolaus"]
[Black "Wukits, Rene"]
[Result "1/2-1/2"]
[ECO "B50"]
[WhiteElo "2485"]
[BlackElo "2309"]
[Annotator "ChessBase"]
[PlyCount "41"]
[EventDate "2022.04.01"]
[EventType "team-tourn"]
[EventCountry "AUT"]
[SourceTitle "playchess.com"]
[Source "ChessBase"]
[SourceQuality "1"]
[TimeControl "40/5400+30:1800+30"]

1. e4 c5 2. Nf3 d6 3. c3 Nf6 4. Be2 Bd7 5. d3 Nc6 6. O-O e5 7. Nbd2 Be7 8. a3 O-O 9. b4 a6 10. Bb2 Qc7 11. Rc1 b6 12. d4 d5 13. exd5 Nxd5 14. dxe5 Nf4 15. Re1 Bf5 16. Bf1 Rad8 17. bxc5 Bxc5 18. Nd4 Nxe5 19. Ne4 Bc8 20. f3 Rfe8 21. Kh1 1/2-1/2

[Event "AUT 2nd BL Ost 2021-22"]
[Site "Austria"]
[Date "2022.04.04"]
[Round "11.20"]
[White "Schroll, Gerhard"]
[Black "Kummer, Helmut"]
[Result "1-0"]
[ECO "E91"]
[WhiteElo "2299"]
[BlackElo "2248"]
[Annotator "ChessBase"]
[PlyCount "51"]
[EventDate "2022.04.01"]
[EventType "team-tourn"]
[EventCountry "AUT"]
[SourceTitle "playchess.com"]
[Source "ChessBase"]
[SourceQuality "1"]
[TimeControl "40/5400+30:1800+30"]

1. e4 g6 2. d4 Bg7 3. Nf3 c6 4. c4 d6 5. Nc3 Nf6 6. Be2 O-O 7. O-O Na6 8. h3 Nc7 9. d5 c5 10. Bf4 Nd7 11. Qd2 Ne5 12. Nh2 a6 13. a4 b6 14. Be3 f6 15. f4 Nf7 16. h4 f5 17. h5 Bd7 18. g4 fxg4 19. hxg6 hxg6 20. Bxg4 Bxg4 21. Nxg4 e6 22. dxe6 Nxe6 23. Nd5 Nd4 24. Qg2 Nh8 25. f5 gxf5 26. exf5 1-0

[Event "AUT 2nd BL Ost 2021-22"]
[Site "Austria"]
[Date "2022.04.04"]
[Round "11.21"]
[White "Schwab, Lukas"]
[Black "Jablonicky, Martin"]
[Result "0-1"]
[ECO "B06"]
[WhiteElo "2163"]
[BlackElo "2317"]
[Annotator "ChessBase"]
[PlyCount "78"]
[EventDate "2022.04.01"]
[EventType "team-tourn"]
[EventCountry "AUT"]
[SourceTitle "playchess.com"]
[Source "ChessBase"]
[SourceQuality "1"]
[TimeControl "40/5400+30:1800+30"]

1. e4 g6 2. d4 Nf6 3. e5 Nh5 4. Nf3 d6 5. exd6 cxd6 6. Bd3 Bg7 7. c3 O-O 8. O-O e5 9. Re1 Nc6 10. dxe5 dxe5 11. Na3 Nf4 12. Be4 Be6 13. Qc2 Qf6 14. Bxc6 bxc6 15. Nxe5 Nxg2 16. Kxg2 Bd5+ 17. Kg1 Qh4 18. c4 Bxe5 19. cxd5 Rae8 20. Be3 cxd5 21. f3 Bf4 22. Bxf4 Rxe1+ 23. Rxe1 Qxe1+ 24. Kg2 Re8 25. Kh3 Qf1+ 26. Kg3 h5 27. Qc6 Re2 28. Qa8+ Kg7 29. Qxd5 Rg2+ 30. Kh4 g5+ 31. Bxg5 Rxh2+ 32. Kg3 Rg2+ 33. Kf4 Qc1+ 34. Ke4 Qxg5 35. Qxg5+ Rxg5 36. f4 Rg2 37. Nc4 h4 38. Kf3 h3 39. a4 Rg1 0-1